 Dungeon Crawl Stone Soup version 0.30-a0-12-gd8047c6341 (webtiles) character file.

Game seed: 9382777689917106613

226 Newt the Covered (level 5, -11/42 HPs)
             Began as a Demonspawn Gladiator on Aug 23, 2022.
             Mangled by a mummy (12 damage)
             ... in an ossuary.
             The game lasted 00:05:15 (4159 turns).

Newt the Covered (Demonspawn Gladiator)             Turns: 4159, Time: 00:05:15

Health: -11/42     AC:  6    Str: 17    XL:     5   Next: 69%
Magic:  5/5        EV: 12    Int: 13    God:
Gold:   193        SH:  0    Dex: 14    Spells: 4/4 levels left

rFire   . . .      SeeInvis .    a - +0 rapier
rCold   + . .      Faith    .    (no shield)
rNeg    . . .      Spirit   .    b - +0 leather armour
rPois   +          Reflect  .    c - +0 helmet
rElec   .          Harm     .    (no cloak)
rCorr   .          Rampage  .    (no gloves)
Will    .....                    w - +0 pair of boots
Stlth   ++........               (no amulet)
HPRegen 0.14/turn                f - ring of poison resistance
MPRegen 0.09/turn                m - ring of protection from cold

@: on berserk cooldown, flying, slowed, studying Armour, very slow
A: claws 1, big brain 2
a: no special abilities


You were in an ossuary.
You visited 1 branch of the dungeon, and saw 4 of its levels.
You also visited: Ossuary.

You collected 193 gold pieces.

Inventory:

Hand Weapons
 a - a +0 rapier (weapon)
Missiles
 d - a throwing net (quivered)
 g - 2 datura-tipped darts
Armour
 b - a +0 leather armour (worn)
 c - a +0 helmet (worn)
 w - a +0 pair of boots (worn)
Jewellery
 f - a ring of poison resistance (left claw)
 m - a ring of protection from cold (right claw)
 n - a ring of fire
Wands
 v - a wand of quicksilver (11)
Scrolls
 h - 2 scrolls of magic mapping
 q - a scroll of teleportation
Potions
 j - a potion of might
 k - 3 potions of mutation
 o - a potion of ambrosia {unknown}
 p - a potion of lignification {unknown}
 r - a potion of curing {unknown}
 s - a potion of haste {unknown}
 t - a potion of heal wounds {unknown}
 u - a potion of invisibility {unknown}


   Skills:
 - Level 4.0 Fighting
 - Level 2.6 Short Blades
 - Level 1.7 Throwing
 + Level 4.9 Armour
 - Level 2.6 Dodging
 - Level 2.0 Stealth


You had 4 spell levels left.
You didn't know any spells.
Your spell library contained the following spells:

 Spells                   Type           Power      Damage    Failure   Level
 Conjure Flame            Conj/Fire      0%         6-21      73%         3
 Ignite Poison            Fire/Tmut/Pois 0%         N/A       73%         3
 Sticky Flame             Conj/Fire      0%         2d3       98%         4
 Summon Ice Beast         Ice/Summ       0%         N/A       98%         4
 Summon Mana Viper        Hex/Summ       0%         N/A       100%        5
 Monstrous Menagerie      Summ           0%         N/A       100%        7


Dungeon Overview and Level Annotations

Branches:
Dungeon (4/15)            Ossuary (1/1)
 Temple: D:4-7

Altars:
Gozag
Kikubaaqudgha


Innate Abilities, Weirdness & Mutations

You have sharp fingernails.
You have an extremely huge brain. (Int +4)


Message History

You barely miss the mummy. The mummy barely misses you.
You hit the mummy.
The mummy is lightly damaged.
The mummy hits you!
You hit the mummy.
The mummy is moderately damaged.
The mummy barely misses you.
Throw: javelin
Press: ? - help, Shift-Dir - straight line, f - mummy
Aim: a mummy (75% to hit)
You throw a javelin. The javelin pierces through the mummy.
The mummy is moderately damaged.
The javelin pierces through the mummy!
The mummy is moderately damaged.
The mummy hits you!
Unknown command.
You hit the mummy.
The mummy is moderately damaged.
The mummy closely misses you.
Throw: 2 throwing nets
Press: ? - help, Q - select action, (/) - cycle Shift-Dir - straight line, f/p - mummy
Aim: a mummy (moderately damaged, 75% to hit)
You throw a throwing net. The throwing net hits the mummy.
The mummy is caught in the net!
The mummy is moderately damaged.
The mummy hits you.
The mummy struggles against the net.
You hit the mummy but do no damage.
The mummy is moderately damaged.
The mummy closely misses you.
The mummy struggles against the net.
You hit the mummy.
The mummy is heavily damaged.
An orc zombie comes into view.
The mummy hits you!
* * * LOW HITPOINT WARNING * * *
An orc zombie comes into view.
The mummy struggles against the net.
The orc zombie moves out of view.
It was a potion of flight.
You feel very buoyant.
You fly up into the air.
The mummy hits you!
You die...

.......
Z(....
#....#
#....#
#....#
#....#
#....#
#.MM.#
#..@.#
#....#
#.∩∩.#
######


You could see 2 mummies and an orc zombie (wandering).

Vanquished Creatures
  A scorpion (D:4)
  An iguana (D:4)
  A mummy (Ossuary)
  4 adders
  3 worms
  2 dart slugs
  4 orcs
  9 endoplasms
  2 giant cockroaches
  A gnoll zombie (Ossuary)
  6 goblins
  4 hobgoblins
  4 jackals (D:1)
  4 quokkas
  2 ball pythons (D:2)
  5 bats
  8 frilled lizards
  2 hobgoblin zombies (Ossuary)
  3 kobolds
  2 kobold zombies (Ossuary)
  An orc zombie (Ossuary)
  6 rats
75 creatures vanquished.

Vanquished Creatures (collateral kills)
  2 frilled lizards (D:4)
2 creatures vanquished.

Vanquished Creatures (others)
  7 plants (D:4)
7 creatures vanquished.

Grand Total: 84 creatures vanquished

Notes
Turn   | Place    | Note
-------+----------+-------------------------------------------
     0 | D:1      | Newt the Demonspawn Gladiator began the quest for the Orb.
     0 | D:1      | Reached XP level 1. HP: 16/16 MP: 1/1
   169 | D:1      | Reached skill level 1 in Stealth
   311 | D:1      | Gained mutation: You have an unusually large brain. (Int
                  | +2) [demonic ancestry]
   311 | D:1      | Reached XP level 2. HP: 20/22 MP: 2/2
   706 | D:1      | Found a faded altar of an unknown god.
  1146 | D:2      | Gained mutation: You have sharp fingernails. [demonic
                  | ancestry]
  1146 | D:2      | Reached XP level 3. HP: 28/28 MP: 3/3
  2263 | D:2      | Reached XP level 4. HP: 37/37 MP: 4/4
  2333 | D:2      | Identified a scroll of acquirement
  2333 | D:2      | Acquired a manual of Armour
  2788 | D:3      | Found a faded altar of an unknown god.
  2804 | D:3      | Reached skill level 1 in Armour
  3196 | D:3      | Found an ancient bone altar of Kikubaaqudgha.
  3549 | D:3      | Found an opulent altar of Gozag.
  3703 | D:4      | Gained mutation: You have an extremely huge brain. (Int +4)
                  | [demonic ancestry]
  3703 | D:4      | Reached XP level 5. HP: 10/42 MP: 5/5
  4081 | D:4      | Found a sand-covered staircase.
  4087 | Ossuary  | Entered an ossuary
  4158 | Ossuary  | HP: 1/42 [mummy (16)]
  4159 | Ossuary  | Mangled by a mummy

Illustrated notes

Levels and vault maps discovered:
D:1:      spicycebolla_arrival_clurvy, layout_basic,
          hellmonk_ecumenical_altar_crossroads, kennysheep_decorative_pillar,
          minmay_indecisive_spiral
D:2:      layout_loops_ring, minmay_surrounded
D:3:      layout_basic, nicolae_overflow_ecumenical_swirl,
          nicolae_kikubaaqudgha_miasma_corner
D:4:      layout_gridville, mainiacjoe_overflow_large_starburst,
          nicolae_ossuary_entry_plus, minmay_lizard_king
Ossuary:  ossuary_tomb_3

Skill      XL: |  1  2  3  4  5 |
---------------+----------------+-----
Stealth        | 1 2 |  2.0
Fighting       | 3 4 |  4.0
Armour         | 3 4 |  4.9
Short Blades   | |  2.6
Throwing       | |  1.7
Dodging        | |  2.6

Action                   |  1- 3 |  4- 6 || total
-------------------------+-------+-------++-------
Melee: Rapier            |   142 |   114 ||   256
       Punch             |       |     4 ||     4
Throw: Throwing net      |     1 |     4 ||     5
       Javelin           |     1 |     1 ||     2
  Use: Scroll            |     3 |     7 ||    10
       Potion            |       |     2 ||     2
 Stab: Sleeping          |     4 |     5 ||     9
       Distracted        |       |     1 ||     1
       Held in net/web   |       |     1 ||     1
Armor: Leather armour    |    40 |    36 ||    76
Dodge: Dodged            |    77 |    71 ||   148

Table legend: (Time is in decaauts)
 A = Elapsed time spent in this place.
 B = Non-inter-level travel time spent in this place.
 C = Inter-level travel time spent in this place.
 D = Time resting spent in this place.
 E = Time spent auto-exploring this place.
 F = Levels seen in this place.
 G = Mean time per level.
                   A        B        C        D        E       F      G
               +--------+--------+--------+--------+--------+-----+--------+
         Total |   4182 |   4081 |    101 |   1258 |   2185 |   5 |  836.4 |
       Dungeon |   4103 |   4002 |    101 |   1258 |   2174 |   4 | 1025.8 |
       Ossuary |     79 |     79 |      0 |      0 |     11 |   1 |   79.0 |
               +--------+--------+--------+--------+--------+-----+--------+

Top non-repeatable levels by time:
     D:2: 1408 daAuts
     D:1: 1146 daAuts
     D:3: 1135 daAuts
     D:4: 412 daAuts
 Ossuary: 79 daAuts
